 Dungeon Crawl Stone Soup version 0.27.1-33-g824d729ab1 (webtiles) character file.

Game seed: 13471032124815687467

3405 klutch the Protected (level 9, -4/81 HPs)
             Began as a Minotaur Fighter on Dec 4, 2021.
             Was a Follower of Trog.
             Slain by a blink frog (7 damage)
             ... on level 1 of the Lair of Beasts.
             The game lasted 00:43:01 (8689 turns).

klutch the Protected (Minotaur Fighter)             Turns: 8689, Time: 00:43:02

Health: -4/81      AC: 15    Str: 27    XL:     9   Next: 75%
Magic:  8/8        EV: 13    Int:  9    God:    Trog [*.....]
Gold:   383        SH:  0    Dex: 12    Spells: 8/8 levels left

rFire    + . .     SeeInvis .   w - +2 dire flail (venom)
rCold    . . .     Faith    .   (shield currently unavailable)
rNeg     . . .     Spirit   .   v - +1 scale mail {rF+}
rPois    +         Reflect  .   n - +2 hat
rElec    .         Harm     .   A - +0 cloak
rCorr    +         Rampage  .   r - +1 pair of gloves of a ziggurat {Contam Str+5 Int+4}
Will     .....                  (no boots)
Stlth    ..........             (no amulet)
HPRegen  0.23/turn              i - ring of poison resistance
MPRegen  0.11/turn              x - ring of resist corrosion

@: no status effects
A: horns 2, retaliatory headbutt
a: Renounce Religion, Berserk


You were on level 1 of the Lair of Beasts.
You worshipped Trog.
Trog was aware of your devotion.
You visited 3 branches of the dungeon, and saw 10 of its levels.

You collected 383 gold pieces.

Inventory:

Hand Weapons
 w - a +2 dire flail of venom (weapon)
Missiles
 q - a javelin (quivered)
Armour
 e - a +0 plate armour
 n - a +2 hat (worn)
 r - the +1 pair of gloves of a ziggurat (worn) {Contam Str+5 Int+4}
   (You found it on level 4 of the Dungeon)

   Str:       It affects your strength (+5).
   Int:       It affects your intelligence (+4).
   Contam:    It causes magical contamination when unequipped.
 v - a +1 scale mail of fire resistance (worn)
 A - a +0 cloak (worn)
Jewellery
 i - a ring of poison resistance (left hand)
 x - a ring of resist corrosion (right hand)
Wands
 B - a wand of acid (12)
Scrolls
 a - 2 scrolls of enchant weapon
 c - a scroll of summoning
 f - 3 scrolls of immolation
 k - a scroll of blinking
 m - 3 scrolls of identify
 s - 3 scrolls of teleportation
 y - 2 scrolls of vulnerability {unknown}
Potions
 b - 2 potions of flight {unknown}
 d - 4 potions of might
 g - 2 potions of haste
 h - 7 potions of curing
 j - 2 potions of heal wounds {unknown}
 l - 2 potions of lignification {unknown}
 o - a potion of ambrosia {unknown}
 p - 4 potions of brilliance
 t - a potion of mutation {unknown}
 z - a potion of cancellation {unknown}
 E - a potion of degeneration {unknown}


   Skills:
 * Level 8.2 Fighting
 * Level 7.8 Maces & Flails
 + Level 3.9 Throwing
 * Level 8.3 Armour
 * Level 6.8 Dodging
 - Level 3.6 Shields
 + Level 4.8 Unarmed Combat


You had 8 spell levels left.
You didn't know any spells.
Your spell library contained the following spells:

 Spells                   Type           Power      Damage    Failure   Level
 Gell's Gravitas          Tloc           0%         N/A       94%         3
 Lesser Beckoning         Tloc           0%         N/A       94%         3
 Ozocubu's Armour         Ice            0%         N/A       94%         3
 Teleport Other           Tloc           0%         N/A       94%         3
 Ozocubu's Refrigeration  Ice            0%         4d5       100%        7


Dungeon Overview and Level Annotations

Branches:
Dungeon (8/15)             Temple (1/1) D:7            Lair (1/6) D:8

Altars:
Ashenzari
Dithmenos
Elyvilon
Hepliaklqana
Nemelex Xobeh
Okawaru
Ru
Sif Muna
Trog
Uskayaw
Vehumet
Wu Jian
Xom
Yredelemnul
Zin

Shops:
D:4 *   D:7 (


Innate Abilities, Weirdness & Mutations

You have a pair of horns on your head.
You reflexively headbutt those who attack you in melee.


Message History

The blink frog blinks!
The blink frog hits you but does no damage.
You kill the basilisk!
Trog accepts your kill.
The blink frog hits you but does no damage.
The blink frog blinks!
The blink frog hits you but does no damage.
The blink frog hits you. The blink frog hits you! The blink frog hits you.
The blink frog blinks!
The blink frog hits you!
* * * LOW HITPOINT WARNING * * *
The blink frog blinks! x2; The blink frog barely misses you.
The blink frog hits you!
* * * LOW HITPOINT WARNING * * *
The blink frog blinks! x2
The blink frog blinks!
The blink frog hits you but does no damage.
The blink frog hits you.
* * * LOW HITPOINT WARNING * * *
You turn to flesh and can move again.
Unknown command.
Okay, then.
As you read the scroll of identify, it crumbles to dust.
p - 4 potions of brilliance The blink frog blinks!
The blink frog misses you.
You puncture the blink frog! Your headbutt misses the blink frog.
The blink frog is moderately wounded.
The blink frog blinks! x2; The blink frog hits you.
* * * LOW HITPOINT WARNING * * *
The blink frog closely misses you. You furiously retaliate!
You headbutt the blink frog. You miss the blink frog.
You headbutt the blink frog!
The blink frog is severely wounded.
The blink frog closely misses you. The blink frog hits you!
* * * LOW HITPOINT WARNING * * *
You hit the blink frog.
The blink frog is poisoned.
Your headbutt misses the blink frog.
The blink frog is severely wounded.
The blink frog hits you!
You die...

#....########....#.......#..##
#....# #....#.......#...#
.....########....P.......#..##
†.....#P..#P#............#..#
#................#.......#..#
#..##+#.#..##....#..........#
##.......####....#.......#..##
##(......## #...F###PF#.##...#
....##....###...@.F.........##
..#....#...#....F...........#
...........#....§...........#
...........#####............#
....⌠.⌠.....##.⌠.##..>......#
.#.......#.....F............#
.....>.........>.⌠..........#
............#.....###..##...#
.##.⌠.⌠......#.⌠........#...#


You could see 5 blink frogs.

Vanquished Creatures
  Pikel (D:6)
  A hornet (D:7)
  A basilisk (Lair:1)
  2 wargs (D:8)
  Edmund (D:6)
  4 water moccasins
  A black bear (D:5)
  A sky beast (D:7)
  2 centaurs
  A lemure (D:6)
  A bullfrog (D:7)
  2 scorpions
  A water moccasin zombie (D:5)
  10 wights
  A howler monkey (D:6)
  2 bullfrog zombies (D:6)
  A centaur zombie (D:8)
  A centaur skeleton (D:5)
  A jelly (D:7)
  4 orc priests
  A gnoll shaman (D:8)
  3 hounds
  3 orc wizards
  An iguana (D:6)
  A killer bee zombie (D:6)
  A hound skeleton (D:4)
  A howler monkey zombie (D:8)
  13 gnolls
  6 adders
  A howler monkey skeleton (D:7)
  A shadow imp (D:6)
  2 white imps (D:6)
  An ufetubus (D:4)
  A dart slug (D:5)
  14 orcs
  7 ball pythons
  5 bats
  6 endoplasms
  4 giant cockroaches
  9 goblins
  10 hobgoblins
  5 jackals
  6 kobolds
  4 quokkas
  5 frilled lizards
  3 rats
153 creatures vanquished.

Vanquished Creatures (others)
  2 plants (D:8)
2 creatures vanquished.

Grand Total: 155 creatures vanquished

Notes
Turn   | Place    | Note
-------+----------+-------------------------------------------
     0 | D:1      | klutch the Minotaur Fighter began the quest for the Orb.
     0 | D:1      | Reached XP level 1. HP: 19/19 MP: 0/0
   100 | D:1      | Reached XP level 2. HP: 19/27 MP: 1/1
   229 | D:1      | Found a faded altar of an unknown god.
   316 | D:1      | Reached skill level 1 in Dodging
   316 | D:1      | Reached skill level 1 in Unarmed Combat
   409 | D:1      | Reached XP level 3. HP: 9/33 MP: 2/2
  1324 | D:2      | Reached XP level 4. HP: 33/40 MP: 3/3
  2432 | D:3      | Reached XP level 5. HP: 34/47 MP: 4/4
  3223 | D:3      | Reached skill level 1 in Throwing
  3819 | D:4      | Reached XP level 6. HP: 55/55 MP: 5/5
  3918 | D:4      | Reached skill level 5 in Fighting
  3918 | D:4      | Reached skill level 5 in Armour
  4165 | D:4      | Identified the +1 pair of gloves of a ziggurat {Contam
                  | Str+5 Int+4}
  4188 | D:4      | Found Ysakad's General Store.
  4485 | D:4      | Found a basalt altar of Yredelemnul.
  4579 | D:5      | Entered Level 5 of the Dungeon
  4690 | D:5      | Reached XP level 7. HP: 60/61 MP: 6/6
  4785 | D:5      | Identified the +1 robe of Salvation {rF+ Int+4 Archmagi}
  4916 | D:5      | You fall into a shaft and drop 2 floors!
  4919 | D:7      | Found a staircase to the Ecumenical Temple.
  4928 | Temple   | Entered the Ecumenical Temple
  4936 | Temple   | Became a worshipper of Trog the Wrathful
  5125 | D:7      | Found Qapu's Weapon Emporium.
  5130 | D:7      | Reached skill level 5 in Maces & Flails
  5142 | D:7      | Noticed a hornet
  6064 | D:6      | Reached XP level 8. HP: 70/70 MP: 7/7
  6267 | D:6      | Noticed Pikel
  6286 | D:6      | Killed Pikel
  6287 | D:6      | Reached skill level 5 in Dodging
  6613 | D:6      | Noticed Edmund
  6631 | D:6      | Killed Edmund
  6871 | D:6      | Reached XP level 9. HP: 79/79 MP: 8/8
  8191 | D:8      | Reached * piety under Trog
  8398 | D:8      | Found a glowing silver altar of Zin.
  8513 | D:8      | Found a staircase to the Lair.
  8529 | Lair:1   | Entered Level 1 of the Lair of Beasts
  8688 | Lair:1   | HP: 3/81 [blink frog (10)]
  8689 | Lair:1   | Slain by a blink frog

Illustrated notes

Levels and vault maps discovered:
D:1:      minmay_arrival_stone_box, layout_basic,
          shapermc_ecumenical_altar_mp_highgroup, grunt_decor_mini_mirrors,
          supply_closet_lemuel
D:2:      layout_loops_cross, grunt_ministairs_15, chequers_garden
D:3:      layout_loops_corners
D:4:      layout_loops_ring, general_overflow_altar, serial_shops, shop
D:5:      layout_loops_ring
D:6:      layout_basic, kennysheep_generic_room_13, uniq_edmund, uniq_pikel
D:7:      layout_layer_cave, minmay_temple_entry_nine_rooms, serial_shops,
          nicolae_stop_n_shop_1
D:8:      layout_cave_pods, mainiacjoe_overflow_24_doors,
          erik_lair_orcish_takeover
Temple:   nicolae_temple_x_marks_the_god
Lair:1:   layout_regular_city, lemuel_fruit_tree, grunt_megastairs_2

Skill      XL: |  1  2  3  4  5  6  7  8  9 |
---------------+----------------------------+-----
Dodging        | 1 2 3 4 5 6 |  6.8
Unarmed Combat | 1 2 3 4 |  4.8
Fighting       | 4 5 6 7 8 |  8.2
Armour         | 4 5 6 7 8 |  8.3
Maces & Flails | 3 4 5 6 7 |  7.8
Throwing       | 1 2 3 |  3.9
Shields        | |  3.6

Action                   |  1- 3 |  4- 6 |  7- 9 || total
-------------------------+-------+-------+-------++-------
Melee: Flail             |    62 |    58 |       ||   120
       Headbutt          |    10 |    25 |    56 ||    91
       Whip              |       |    80 |   160 ||   240
       Punch             |       |       |     1 ||     1
       Dire flail        |       |       |    74 ||    74
Throw: Stone             |     8 |    28 |    53 ||    89
       Javelin           |       |       |     7 ||     7
  Use: Scroll            |       |    10 |     4 ||    14
       Potion            |       |     1 |     1 ||     2
Armor: Scale mail        |    30 |    33 |    80 ||   143
       Chain mail        |       |    26 |    14 ||    40
Dodge: Dodged            |    29 |    52 |   108 ||   189
